 Dungeon Crawl Stone Soup version 0.24-a0-309-g1095bca (webtiles) character file.

Game seed: 16685533826509132623

129 MisterFreud the Slasher (level 5, 0/36 HPs)
             Began as an Octopode Fighter on May 14, 2019.
             Succumbed to an adder's poison
             ... on level 3 of the Dungeon.
             The game lasted 00:03:44 (2044 turns).

MisterFreud the Slasher (Octopode Fighter)          Turns: 2044, Time: 00:03:45

Health: 0/36       AC:  1    Str: 15    XL:     5   Next: 12%
Magic:  5/5        EV: 11    Int: 12    God:
Gold:   212        SH:  8    Dex: 11    Spells: 4/4 levels left

rFire    . . .     SeeInvis .   a - +1 long sword
rCold    . . .     Gourm    .   b - +0 shield
rNeg     + . .     Faith    .   (helmet restricted)
rPois    .         Spirit   .   m - amulet of rage
rElec    .         Reflect  .   n - ring of positive energy
rCorr    .         Harm     .   (no ring)
MR       .....                  (no ring)
Stlth    ++........             (no ring)
HPRegen  0.12/turn              (no ring)
MPRegen  0.09/turn              (no ring)
                                (no ring)
                                (no ring)

@: lethally poisoned (0 -> -13)
A: almost no armour, stealthy swim, amphibious, 8 rings, constrict 8, camouflage
1, gelatinous body 1
a: Evoke Berserk Rage


You were on level 3 of the Dungeon.
You were not hungry.

You visited 1 branch of the dungeon, and saw 3 of its levels.

You collected 212 gold pieces.

Inventory:

Hand Weapons
 a - a +1 long sword (weapon)
Missiles
 h - 46 stones (quivered)
 j - 7 javelins
 k - 40 arrows
 l - 19 sling bullets
 o - 3 curare-tipped darts
Armour
 b - a +0 shield (worn)
Jewellery
 m - an amulet of rage (around mantle)
 n - a ring of positive energy (left tentacle)
Scrolls
 g - a scroll of teleportation
Potions
 c - 2 potions of might
 e - 2 potions of curing
 i - 2 potions of haste {unknown}
 p - 2 potions of mutation
 q - a potion of brilliance
 s - a potion of agility {unknown}
Comestibles
 d - 2 rations
 f - 4 chunks of flesh


   Skills:
 - Level 3.0 Fighting
 + Level 5.1 Long Blades
 - Level 3.0 Dodging
 - Level 3.0 Shields


You had 4 spell levels left.
You didn't know any spells.
Your spell library was empty.

Dungeon Overview and Level Annotations

Branches:
Dungeon (3/15)

Altars:
Hepliaklqana
Ru


Innate Abilities, Weirdness & Mutations

You cannot wear most types of armour.
You are very stealthy in the water. (Stealth+)
You are amphibious.
You can wear up to eight rings at the same time.
You can use your tentacles to constrict eight enemies at once.
Your skin changes colour to match your surroundings (Stealth+).
Your rubbery body absorbs attacks. (AC +1, EV +1)


Message History

The kobold closely misses you.
You riposte.
You miss the kobold. You grab the kobold.
Unknown command.
You release your grip on the kobold.
You block the adder's attack.
You feel sick.
You miss the adder. Your grab misses the adder. Your squeeze misses the adder.
You block the adder's attack. The adder bites you.
You miss the adder. Your grab misses the adder. The adder bites you.
* * * LOW HITPOINT WARNING * * *
You block the adder's attack. x2
You feel sick. The adder bites you.
* * * LOW HITPOINT WARNING * * *
You are lethally poisoned!
The adder poisons you!
* * * LOW HITPOINT WARNING * * *
You feel sick. The adder bites you.
* * * LOW HITPOINT WARNING * * *
You are more poisoned.
The adder poisons you!
You die...

#........#.#.####.#
#....†.......... #
#....##.#...# .##
#.#.......(...#.....
#.......#..<)...#
####..S)#########
##.SK.........
#.###....##.#
#@..+....'...
#####....##.# #...$#
. #....# #.....
.......


You could see 2 adders.

Vanquished Creatures
  Robin (D:2)
  2 adders (D:2)
  2 oozes (D:2)
  4 worms
  2 dart slugs (D:2)
  3 ball pythons
  A giant cockroach (D:2)
  7 hobgoblins
  7 jackals
  4 bats
  5 frilled lizards
  19 goblins
  7 kobolds
  9 rats
73 creatures vanquished.

Notes
Turn   | Place    | Note
-------+----------+-------------------------------------------
     0 | D:1      | MisterFreud the Octopode Fighter began the quest for the
                  | Orb.
     0 | D:1      | Reached XP level 1. HP: 16/16 MP: 1/1
   214 | D:1      | Reached XP level 2. HP: 21/21 MP: 2/2
   324 | D:1      | Reached skill level 3 in Long Blades
   566 | D:1      | Reached XP level 3. HP: 17/26 MP: 3/3
  1093 | D:2      | Reached skill level 4 in Long Blades
  1197 | D:2      | Reached XP level 4. HP: 29/31 MP: 4/4
  1292 | D:2      | Found a hazy altar of Hepliaklqana.
  1512 | D:2      | Found a sacrificial altar of Ru.
  1613 | D:2      | Noticed Robin
  1754 | D:2      | Killed Robin
  1758 | D:2      | Reached skill level 5 in Long Blades
  1781 | D:2      | Reached XP level 5. HP: 21/36 MP: 5/5
  2043 | D:3      | HP: 1/36 [adder (4)]
  2044 | D:3      | Succumbed to an adder's poison

Levels and vault maps discovered:
D:1:      lemuel_arrival_rhombus, layout_loops_ring
D:2:      layout_basic, nicolae_overflow_crystal_walls, lemuel_doored_altar,
          eino_tiny_chamber, kennysheep_minor_cross, minmay_tromino_i2,
          uniq_robin
D:3:      layout_basic, overflow_temple_1_default, okawaru_altar_gauntlet_db

Skill      XL: |  1  2  3  4 |
---------------+-------------+-----
Long Blades    | 3 4 5 |  5.1
Fighting       | |  3.0
Dodging        | |  3.0
Shields        | |  3.0

Action                   |  1- 3 |  4- 6 || total
-------------------------+-------+-------++-------
Melee: Long sword        |    56 |    67 ||   123
       Constrict         |    10 |    20 ||    30
       Tentacles         |     8 |    12 ||    20
  Use: Scroll            |     8 |     2 ||    10
       Potion            |     1 |       ||     1
 Stab: Sleeping          |     5 |     4 ||     9
       Distracted        |       |     1 ||     1
  Eat: Chunk             |     1 |     3 ||     4
Armor: Skin              |    10 |     3 ||    13
Dodge: Dodged            |    32 |    12 ||    44
Block: Shield            |    30 |    36 ||    66
       Rpst.: Long sword |    11 |     4 ||    15

Table legend:
 A = Non-vault XP
 B = Vault XP
 C = Vault XP percentage of total XP
 D = Non-vault monster count
 E = Vault monster count
 F = Vault count percentage of total count
                 A         B        C        D         E       F
            +---------+---------+-------+---------+---------+-------
      Total |     141 |      44 |  23.8 |      58 |      15 |  20.5
            +---------+---------+-------+---------+---------+-------
        D:1 |      37 |       0 |   0.0 |      26 |       0 |   0.0
        D:2 |      93 |      44 |  32.1 |      28 |      15 |  34.9
        D:3 |      11 |       0 |   0.0 |       4 |       0 |   0.0
            +---------+---------+-------+---------+---------+-------
